 Dungeon Crawl Stone Soup version 0.18-a0-1197-g8004e50 (webtiles) character file.

1221 st0uf the Twirler (level 8, -2/61 HPs)
             Began as a Formicid Fighter on Jan 30, 2016.
             Was a Follower of Okawaru.
             Slain by an iguana (5 damage)
             ... while paralysed
             ... on level 4 of the Dungeon.
             The game lasted 00:21:11 (3742 turns).

st0uf the Twirler (Formicid Fighter)                Turns: 3742, Time: 00:21:12

Health: -2/61      AC:  8    Str: 20    XL:     8   Next: 75%
Magic:  8/8        EV:  2    Int:  9    God:    Okawaru [*.....]
Gold:   285        SH:  0    Dex: 12    Spells: 0 memorised, 7 levels left

rFire  . . .     SeeInvis +     a - +0 quarterstaff
rCold  . . .     Gourm    .     b - +0 scale mail
rNeg   . . .     Faith    +     c - +0 shield
rPois  .         Spirit   .     (helmet unavailable)
rElec  .         Dismiss  .     y - +0 cloak
rCorr  .         Reflect  .     (no gloves)
SustAt .         Harm     .     (no boots)
MR     .....                    s - amulet of faith
Stlth  ..........               (no ring)
                                (no ring)

@: paralysed, fainting, not resistant to hostile enchantments, extremely
unstealthy
A: permanent stasis, dig shafts and tunnels, four strong arms, antennae 3
a: Dig, Shaft Self, Heroism, Renounce Religion


You were on level 4 of the Dungeon.
You worshipped Okawaru.
Okawaru was aware of your devotion.
You were fainting.

You visited 2 branches of the dungeon, and saw 8 of its levels.

You collected 285 gold pieces.

Inventory:

Hand Weapons
 a - a +0 quarterstaff (weapon)
Missiles
 v - 7 tomahawks (quivered)
Armour
 b - a +0 scale mail (worn)
 c - a +0 shield (worn)
 y - a +0 cloak (worn)
Jewellery
 s - an amulet of faith (around neck)
Wands
 n - a wand of confusion (25/48)
 t - a wand of draining (9/15)
Scrolls
 k - a scroll of fog {unknown}
 m - a scroll of fear {unknown}
 o - 2 scrolls of teleportation {unknown}
 p - 2 scrolls of recharging {unknown}
 q - 2 scrolls of identify {unknown}
 r - 2 scrolls of remove curse {unknown}
 x - a scroll of amnesia {unknown}
Potions
 d - a potion of might
 e - a potion of resistance {unknown}
 i - 3 potions of agility {unknown}
 l - a potion of haste {unknown}
 w - a potion of poison {unknown}
Books
 u - a book of Minor Magic

   Spells                             Type                      Level
   a - Magic Dart                     Conjuration                  1
   b - Blink                          Translocation                2
   c - Call Imp                       Summoning                    2
   d - Repel Missiles                 Charms/Air                   2
   e - Slow                           Hexes                        2
   f - Conjure Flame                  Conjuration/Fire             3
   g - Mephitic Cloud                 Conjuration/Poison/Air       3
Comestibles
 f - 7 bread rations
 g - a beef jerky
 h - 3 meat rations
 j - a slice of pizza


   Skills:
 + Level 4.8 Fighting
 * Level 6.6 Staves
 + Level 5.3 Armour
 + Level 3.0 Dodging
 + Level 0.6 Stealth
 + Level 6.0 Shields
 + Level 0.8 Invocations


You had 7 spell levels left.
You didn't know any spells.

Dungeon Overview and Level Annotations

Branches:
Dungeon (7/15)             Temple (1/1) D:6

Altars:
Ashenzari
Cheibriados
Dithmenos
Elyvilon
Fedhas
Nemelex Xobeh
Okawaru
Pakellas
Qazlal
Sif Muna
Lugonu

Shops:
D:4 %

Annotations:
D:6 PeterLawrence's ghost, novice GrFi


Innate Abilities, Weirdness & Mutations

You are under a permanent stasis effect.
You can dig through walls and to a lower floor.
Your four strong arms can wield two-handed weapons with a shield.
You have a pair of large antennae on your head (SInv).


Message History

The iguana is severely wounded.
The iguana bites you but does no damage.
You closely miss the iguana.
The iguana is severely wounded.
You block the iguana's attack.
You hit the iguana but do no damage.
The iguana is severely wounded.
You lose consciousness!
The iguana bites you. The iguana bites you! The iguana bites you.
The iguana bites you.
* * * LOW HITPOINT WARNING * * *
The iguana bites you!
* * * LOW HITPOINT WARNING * * *
The iguana bites you.
* * * LOW HITPOINT WARNING * * *
The iguana bites you but does no damage. x2
The iguana bites you.
You die...

#...##.#####
###
######.....#
#####.####
#....#
#....#
#....###
#......#
#....∩.#
#..@...#
#..l...#
#.......##
###.......
#.##..... #.
#.....# #.
......+ ##
#.....#


You could see an iguana.

Vanquished Creatures
  Grinder (D:6)
  The ghost of PeterLawrence the Cudgeler, an amateur GrFi (D:4)
  A hungry ghost (D:4)
  An ogre (D:5)
  A big kobold (D:7)
  Blork the orc (D:6)
  3 crimson imps (D:5)
  A giant frog zombie (D:6)
  A jelly (D:7)
  An orc priest (D:7)
  Ijyb (D:2)
  2 worker ants (D:5)
  A killer bee zombie (D:6)
  A hound zombie (D:5)
  A gnoll (D:1)
  9 adders
  2 oozes
  2 adder zombies (D:5)
  An adder skeleton (D:7)
  3 worms
  7 giant geckos
  5 orcs
  2 ball pythons (D:1)
  8 bats
  6 giant cockroaches
  7 goblins
  5 hobgoblins
  6 jackals (D:1)
  8 giant newts
  A jackal skeleton (D:3)
  12 kobolds
  7 rats
109 creatures vanquished.

Notes
Turn   | Place    | Note
--------------------------------------------------------------
     0 | D:1      | st0uf the Formicid Fighter began the quest for the Orb.
     0 | D:1      | Reached XP level 1. HP: 18/18 MP: 1/1
    14 | D:1      | Reached XP level 2. HP: 24/24 MP: 2/2
   144 | D:1      | Reached XP level 3. HP: 29/29 MP: 3/3
   420 | D:1      | Reached skill level 4 in Shields
   548 | D:1      | Reached XP level 4. HP: 37/37 MP: 4/4
   939 | D:2      | Reached skill level 1 in Dodging
   948 | D:2      | Found a white marble altar of Elyvilon.
  1008 | D:2      | Reached XP level 5. HP: 30/42 MP: 5/5
  1137 | D:2      | Noticed Ijyb
  1159 | D:2      | Killed Ijyb
  1700 | D:3      | You fall through a shaft for 2 floors!
  1700 | D:5      | Entered Level 5 of the Dungeon
  1735 | D:5      | Reached XP level 6. HP: 45/48 MP: 6/6
  1761 | D:5      | Found a shattered altar of Ashenzari.
  2221 | D:5      | Reached skill level 5 in Shields
  2396 | D:5      | Noticed an ogre
  2409 | D:5      | Killed an ogre
  2409 | D:5      | Reached XP level 7. HP: 11/54 MP: 7/7
  2859 | D:6      | Noticed Blork the orc
  2870 | D:6      | Killed Blork the orc
  2902 | D:6      | Found a staircase to the Ecumenical Temple.
  2912 | Temple   | Entered the Ecumenical Temple
  2935 | Temple   | Became a worshipper of Warmaster Okawaru
  3034 | D:6      | Noticed Grinder
  3060 | D:6      | HP: 1/55 [Grinder (6)]
  3061 | D:6      | Killed Grinder
  3061 | D:6      | Reached skill level 5 in Staves
  3061 | D:6      | Reached XP level 8. HP: 1/61 MP: 8/8
  3231 | D:6      | Noticed PeterLawrence's ghost (novice GrFi)
  3250 | D:7      | Reached skill level 5 in Armour
  3430 | D:7      | Reached * piety under Okawaru
  3651 | D:4      | Noticed PeterLawrence's ghost (amateur GrFi)
  3664 | D:4      | Killed PeterLawrence's ghost
  3664 | D:4      | Reached skill level 6 in Staves
  3686 | D:4      | Found Zaolo's Food Shoppe.
  3734 | D:4      | Paralysed by fainting for 9 turns
  3739 | D:4      | HP: 3/61 [iguana (4)]
  3742 | D:4      | Slain by an iguana

Vault maps used:
D:1:      dpeg_arrival_line_fractal
D:2:      elyvilon_altar_5, uniq_iyjb
D:3:      ecumenical_altar_1
D:4:      grunt_temple_overflow_order_and_chaos_1, minitemple, serial_shops,
          shop_fountains, nicolae_shop_scaring_up_business, shop,
          nicolae_dithmenos_through_a_glass_darkly, uniq_duvessa
D:5:      evilmike_ruin_ashenzari, first_bread, minivault_23, minivault_5
D:6:      temple_green, uniq_grinder, uniq_blork_the_orc
Temple:   corrupted_temple

Action                   |  1- 3 |  4- 6 |  7- 9 || total
-------------------------+-------+-------+-------++-------
Melee: Quarterstaff      |    95 |   266 |   161 ||   522
Invok: Heroism           |       |       |     2 ||     2
 Abil: Dig               |       |       |     1 ||     1
  Eat: Chunk             |       |     5 |     5 ||    10
